 Dungeon Crawl Stone Soup version 0.31-a0-145-g046c7d2549 (webtiles) character file.

Game seed: 10308933703143099240

205 qw the Shooter (level 5, -3/46 HPs)
             Began as a Minotaur Hunter on June 7, 2023.
             Slain by an orc
             ... wielding a +2 trident of protection
              (9 damage)
             ... on level 3 of the Dungeon.
             The game lasted 00:00:56 (2031 turns).

qw the Shooter (Minotaur Hunter)                    Turns: 2031, Time: 00:00:56

Health: -3/46      AC:  5    Str: 13 (16) XL:     5   Next: 52%
Magic:  4/4        EV: 10    Int:  4 (6)  God:
Gold:   110        SH:  0    Dex: 12 (15) Spells: 4/4 levels left

rFire   . . .        Y - +0 shortbow
rCold   . . .        (shield currently unavailable)
rNeg    . . .        h - +0 ring mail
rPois   .            (helmet restricted)
rElec   .            (no cloak)
rCorr   .            (no gloves)
SInv    .            (no boots)
Will    .....        (no amulet)
Stlth   +            (no ring)
HPRegen 0.27/turn    (no ring)
MPRegen 0.09/turn

%: no passive effects
@: lethally poisoned (-3 -> -10)
A: horns 2, retaliatory headbutt
a: no special abilities


You were on level 3 of the Dungeon.
You visited 1 branch of the dungeon, and saw 4 of its levels.

You collected 110 gold pieces.


Innate Abilities, Weirdness & Mutations

You have a pair of horns on your head.
You reflexively headbutt those who attack you in melee.


   Skills:
 - Level 4.1 Fighting
 + Level 6.7 Ranged Weapons
 - Level 1.2 Armour
 - Level 2.1 Dodging
 - Level 0.7 Stealth


You had 4 spell levels left.
You didn't know any spells.
Your spell library was empty.

Inventory:

Hand Weapons
 Y - a +0 shortbow (weapon)
Armour
 h - a +0 ring mail (worn)
Scrolls
 g - a scroll of identify
Potions
 c - a potion of attraction {unknown}
 f - a potion of invisibility {unknown}
 i - a potion of lignification {unknown}
 j - a potion of enlightenment {unknown}

Dungeon Overview and Level Annotations

Branches:
Dungeon (4/15)
 Temple: D:4-7

Altars:
Fedhas


Message History

The orc hits you with a +2 trident of protection.
The orc wizard gestures at you while chanting.
The magic dart hits you.
You climb upwards.
You feel sick.
There is a stone staircase leading down here.
Enter note:
Enter note:
Enter note:
Enter note:
Enter note:
Enter note:
Enter note:
Enter note:
Enter note:
2027 ||| DRINKING potion of curing.
You feel better.
2027 ||| (to cure confusion)
The scorpion stings you but does no damage.
The orc closely misses you. You furiously retaliate!
You headbutt the orc.
The orc hits you with a +2 trident of protection.
You shoot an arrow. The arrow hits the orc!
You kill the orc!
The scorpion stings you.
You are poisoned.
The scorpion poisons you!
The orc hits you with a +2 trident of protection!
The scorpion closely misses you. You furiously retaliate!
You headbutt the scorpion, but do no damage.
You shoot an arrow.
The arrow hits the scorpion but does no damage.
You feel sick. The scorpion stings you.
You are lethally poisoned!
The scorpion poisons you! The orc barely misses you.
You shoot an arrow. The arrow closely misses the scorpion.
You feel very sick. The scorpion closely misses you. The orc misses you.
The scorpion closely misses you.
You shoot an arrow. The arrow barely misses the scorpion.
You feel very sick.
The orc hits you with a +2 trident of protection!
You die...

#......##.##....# #.# #.#
#......##.##..#.# #.# #.#
##........##....# ####.# #.#
##....#..###.#######....# #.#
##....##.............#### #.#
##############.....#.###### #.#
#######..................# #.#
#..........##...s........#####.#
#......<...##.)@...............#
#..........##.o..........#######
#..........##............#
###.....#####.....########
#.....# #.....# ####### #.....#
#.....# #######


You could see a scorpion and an orc.

Vanquished Creatures
  A scorpion (D:3)
  6 adders
  2 dart slugs
  2 worms (D:2)
  An orc (D:3)
  4 endoplasms
  16 giant cockroaches
  9 goblins
  5 hobgoblins
  3 jackals (D:1)
  3 quokkas (D:2)
  4 ball pythons
  4 bats
  3 frilled lizards (D:1)
  9 kobolds
  4 rats
76 creatures vanquished.

Notes
Turn   | Place    | Note
-------+----------+-------------------------------------------
     0 | D:1      | qw the Minotaur Hunter began the quest for the Orb.
     0 | D:1      | Reached XP level 1. HP: 18/18 MP: 0/0
     0 | D:1      | 0 ||| qw: Version: 0.2-a-117-gc6b5c8b
     0 | D:1      | 0 ||| qw: Game counter: 2503
     0 | D:1      | 0 ||| qw: Always use a shield: true
     0 | D:1      | 0 ||| qw: God list: Okawaru
     0 | D:1      | 0 ||| qw: Allow faded altars: false
     0 | D:1      | 0 ||| qw: Do Orc after D:15 true
     0 | D:1      | 0 ||| qw: Do second Lair branch before Depths: true
     0 | D:1      | 0 ||| qw: Lair rune preference: random
     0 | D:1      | 0 ||| qw: Plans: Normal
     0 | D:1      | 0 ||| PLANNING D:1-11
   111 | D:1      | Found a faded altar of an unknown god.
   149 | D:1      | Reached XP level 2. HP: 20/25 MP: 1/1
   156 | D:1      | Reached skill level 5 in Ranged Weapons
   461 | D:1      | Reached skill level 3 in Fighting
   733 | D:1      | 733 ||| UPGRADING to +0 ring mail.
   743 | D:1      | 743 ||| DROPPING +0 leather armour.
   744 | D:1      | 744 ||| READING 3 scrolls labelled VIEXIXK OSOUCK.
   745 | D:1      | 745 ||| READING scroll labelled DEZOF ETTAIHE.
   746 | D:1      | 746 ||| DROPPING 2 scrolls of fog.
   747 | D:1      | 747 ||| DROPPING scroll of butterflies.
   821 | D:2      | Reached skill level 1 in Armour
   821 | D:2      | Reached XP level 3. HP: 22/31 MP: 2/2
   963 | D:2      | Reached XP level 4. HP: 38/38 MP: 3/3
  1274 | D:2      | Reached skill level 6 in Ranged Weapons
  1477 | D:2      | 1477 ||| READING scroll labelled VEAWIDD GUSANE.
  1480 | D:2      | 1480 ||| READING scroll labelled WIOGGYZIQE.
  1481 | D:2      | 1481 ||| DRINKING 2 purple potions.
  1794 | D:3      | Noticed a scorpion
  1800 | D:3      | Killed a scorpion
  1801 | D:3      | Reached XP level 5. HP: 45/46 MP: 4/4
  1993 | D:3      | Found a blossoming altar of Fedhas.
  1995 | D:3      | 1995 ||| DRINKING 2 murky dark potions.
  1996 | D:3      | 1996 ||| DRINKING 2 puce potions.
  1997 | D:3      | 1997 ||| DRINKING 2 potions of curing.
  1997 | D:3      | 1997 ||| (to cure confusion)
  1998 | D:3      | 1998 ||| READING 2 scrolls of identify.
  1998 | D:3      | 1998 ||| IDENTIFYING black potion
  1999 | D:3      | 1999 ||| DROPPING potion of degeneration.
  2000 | D:3      | 2000 ||| DROPPING potion of brilliance.
  2001 | D:3      | 2001 ||| DROPPING potion of ambrosia.
  2025 | D:4      | 2025 ||| STAIRDANCE
  2027 | D:3      | 2027 ||| DRINKING potion of curing.
  2027 | D:3      | 2027 ||| (to cure confusion)
  2030 | D:3      | HP: 8/46 [poisoned by a scorpion]
  2031 | D:3      | Slain by an orc

Levels and vault maps discovered:
D:1:      sevenhm_arrival_forest_fort_small_6, layout_loops_ring,
          ebering_ecumenical_altar_mist, kennysheep_nondescript
D:2:      minmay_roachtagon, layout_basic, kennysheep_another_room
D:3:      layout_basic, mainiacjoe_overflow_alcove_4
D:4:      layout_loops_ring, marbit_many_paths, solitary_fountain

Skill      XL: |  1  2  3  4 |
---------------+-------------+-----
Ranged Weapons | 5 6 |  6.7
Fighting       | 3 4 |  4.1
Armour         | 1 |  1.2
Dodging        | |  2.1
Stealth        | |  0.7

Action                     |  1- 3 |  4- 6 || total
---------------------------+-------+-------++-------
   Fire: Shortbow          |    90 |   147 ||   237
    Use: Scroll            |     2 |     3 ||     5
         Potion            |       |     5 ||     5
 Armour: Leather armour    |     9 |       ||     9
         Ring mail         |     9 |    28 ||    37
  Dodge: Dodged            |    23 |    48 ||    71

Table legend:
 A = Non-vault XP
 B = Vault XP
 C = Vault XP percentage of total XP
 D = Non-vault monster count
 E = Vault monster count
 F = Vault count percentage of total count
                 A         B        C        D         E       F
            +---------+---------+-------+---------+---------+-------
      Total |     271 |      22 |   7.5 |      65 |      11 |  14.5
            +---------+---------+-------+---------+---------+-------
        D:1 |      38 |       0 |   0.0 |      23 |       0 |   0.0
        D:2 |      81 |      22 |  21.4 |      23 |      11 |  32.4
        D:3 |     152 |       0 |   0.0 |      19 |       0 |   0.0
            +---------+---------+-------+---------+---------+-------
